 Dungeon Crawl Stone Soup version 0.17-a0-1508-ge7f3dc3 (webtiles) character file.

158 amnekian the Slinger (level 5, -7/34 HPs)
             Began as a Halfling Hunter on July 10, 2015.
             Mangled by a wight
             ... wielding a +0 battleaxe
              (10 damage)
             ... on level 2 of the Dungeon.
             The game lasted 00:05:54 (1901 turns).

amnekian the Slinger (Halfling Hunter)              Turns: 1901, Time: 00:05:54

Health: -7/34      AC:  4    Str: 12    XL:     5   Next: 66%
Magic:  5/5        EV: 14    Int: 10    God:
Gold:   35         SH:  0    Dex: 16    Spells: 0 memorised, 4 levels left

rFire  . . .     SeeInvis .     a - +1 hunting sling
rCold  . . .     Clarity  .     d - +0 leather armour
rNeg   . . .     SustAt   .     (shield restricted)
rPois  .         Gourm    .     (no helmet)
rElec  .         Spirit   .     (no cloak)
rCorr  .         Warding  .     t - +0 pair of gloves
rMut   .         Stasis   .     (no boots)
MR     .....                    (no amulet)
Stlth  ++........               (no ring)
                                (no ring)

@: drained, not resistant to hostile enchantments, unstealthy
A: mutation resistance 1
a: no special abilities


You were on level 2 of the Dungeon.
You were not hungry.

You visited 1 branch of the dungeon, and saw 3 of its levels.

You collected 35 gold pieces.

Inventory:

Hand weapons
 a - a +1 hunting sling (weapon)
 b - a +0 short sword
 u - a +2 dagger of flaming
Missiles
 c - 4 sling bullets (quivered)
 h - 11 poisoned needles
 j - 30 stones
Armour
 d - a +0 leather armour (worn)
 t - a +0 pair of gloves (worn)
Scrolls
 f - a scroll of identify {unknown}
 i - a scroll of fear {unknown}
 l - a scroll of random uselessness {unknown}
Potions
 g - a potion of cancellation {unknown}
 k - 2 potions of haste {unknown}
 m - a potion of curing {unknown}
 n - a potion of flight {unknown}
 o - a potion of heal wounds {unknown}
 p - a potion of brilliance {unknown}
 q - a potion of magic {unknown}
Comestibles
 e - 2 bread rations
 r - a meat ration


   Skills:
 - Level 1.7(1.4) Fighting
 * Level 9.3(8.9) Slings
 - Level 2.1(1.8) Dodging
 - Level 1.1(0.7) Stealth


You had 4 spell levels left.
You didn't know any spells.

Dungeon Overview and Level Annotations

Branches:
Dungeon (3/15)

Altars:
Ashenzari


Innate Abilities, Weirdness & Mutations

You are small and have problems with some larger weapons.
You are somewhat resistant to further mutation.


Message History

Firing (i - inventory. (,) - cycle):
c - 7 sling bullets (quivered)
Press: ? - help, Shift-Dir - straight line, f/p - wight
Aim: a wight, wielding a battleaxe and wearing a robe (moderately damaged)
You shoot a sling bullet. The sling bullet hits the wight!
The wight is almost destroyed.
The wight hits you with a battleaxe.
* * * LOW HITPOINT WARNING * * *
Firing (i - inventory. (,) - cycle):
c - 6 sling bullets (quivered)
Press: ? - help, Shift-Dir - straight line, f/p - wight
Aim: a wight, wielding a battleaxe and wearing a robe (almost destroyed)
You shoot a sling bullet. The sling bullet hits the wight.
The wight is almost destroyed.
Firing (i - inventory. (,) - cycle):
c - 5 sling bullets (quivered)
Press: ? - help, Shift-Dir - straight line, f/p - wight
Aim: a wight, wielding a battleaxe and wearing a robe (almost destroyed)
You shoot a sling bullet.
The sling bullet hits the wight but does no damage.
The wight is almost destroyed.
The wight hits you with a battleaxe!
You die...

## #.###.#.# ####.## .# #.#
#.#.# #.#...# .# #.# #.#.#
#.#.### .# ########.#
#.#.####....# .########........#
#.#......#).#
....[...........)###.#####..#..#
#####..............#.# #.....# #
#...).......##.#.######....## #
#....(.....z@..#............# #
#...........#..###########.##
#####........[>.#..# #.....#
.........######.#..# #.#####
...................# #.#
######.##########.#########.#
#...#.###### #...........#
#.#.#......# ###############
#.#.######.# #.............#


You could see a wight.

Vanquished Creatures
  A wight (D:2)
  Terence (D:2)
  2 adders (D:3)
  3 gnolls
  A worm (D:2)
  3 giant geckos
  2 bats (D:1)
  5 giant cockroaches
  2 hobgoblins
  2 jackals (D:1)
  3 giant newts
  7 goblins
  7 kobolds
  4 rats (D:1)
43 creatures vanquished.

Notes
Turn   | Place    | Note
--------------------------------------------------------------
     0 | D:1      | amnekian the Halfling Hunter began the quest for the Orb.
     0 | D:1      | Reached XP level 1. HP: 14/14 MP: 1/1
    78 | D:1      | Reached skill level 6 in Slings
   150 | D:1      | Reached XP level 2. HP: 19/19 MP: 2/2
   743 | D:1      | Reached skill level 7 in Slings
   743 | D:1      | Reached XP level 3. HP: 24/24 MP: 3/3
  1038 | D:2      | Found a faded altar to an unknown god.
  1059 | D:2      | Noticed Terence
  1079 | D:2      | Killed Terence
  1079 | D:2      | Reached XP level 4. HP: 21/29 MP: 4/4
  1212 | D:2      | Reached skill level 8 in Slings
  1384 | D:3      | Found a shattered altar of Ashenzari.
  1477 | D:3      | Reached XP level 5. HP: 23/34 MP: 5/5
  1755 | D:2      | Reached skill level 9 in Slings
  1901 | D:2      | Mangled by a wight

Vault maps used:
D:1:      roderic_octagonal_star
D:2:      ecumenical_altar_2, uniq_terence, uniq_jessica
D:3:      nicolae_overflow_hidden_temple, nicolae_overflow_crystal_walls,
          kennysheep_vampire_church, cheibrodos_ashenzari_chains,
          uniq_crazy_yiuf_cottage, uniq_natasha

Action                   |  1- 3 |  4- 6 || total
-------------------------+-------+-------++-------
Melee: Short sword       |    25 |       ||    25
       Dagger            |       |     1 ||     1
 Fire: Hunting sling     |    52 |    76 ||   128
  Eat: Chunk             |       |     3 ||     3
